 Dungeon Crawl Stone Soup version 0.16.1-16-gc44b35d (webtiles) character file.

8661 jacksonaction the Blocker (level 11, -5/94 HPs)
             Began as a Minotaur Fighter on Apr 19, 2015.
             Was an Elder of Okawaru.
             Killed from afar by a centaur (20 damage)
             ... with a wand of lightning
             ... on level 11 of the Dungeon.
             The game lasted 00:50:30 (8725 turns).

jacksonaction the Blocker (Minotaur Fighter)        Turns: 8725, Time: 00:50:30

Health: -5/94      AC: 20    Str: 26    XL:     11   Next: 12%
Magic:  16/16      EV:  9    Int:  5    God:    Okawaru [****..]
Gold:   239        SH: 18    Dex: 10    Spells: 0 memorised, 10 levels left

rFire  . . .     SeeInvis .     a - +2 flail (protect)
rCold  . . .     Clarity  .     Q - +1 plate armour {MR+}
rNeg   . . .     SustAb   .     H - +0 large shield
rPois  .         Gourm    .     (helmet restricted)
rElec  .         Spirit   .     (no cloak)
rCorr  .         Warding  .     (no gloves)
rMut   +         Stasis   .     (no boots)
MR     +....                    f - amulet of resist mutation
Stlth  ..........               P - +2 ring of strength (curse)
                                T - +3 ring of evasion

@: finesse, somewhat resistant to hostile enchantments, extremely unstealthy
A: retaliatory headbutt, horns 2
a: Heroism, Renounce Religion


You were on level 11 of the Dungeon.
You worshipped Okawaru.
Okawaru was greatly pleased with you.
You were not hungry.

You visited 1 branch of the dungeon, and saw 11 of its levels.

You collected 746 gold pieces.
You spent 507 gold pieces at shops.

Inventory:

Hand weapons
 a - a +2 flail of protection (weapon)
 b - a +1 hunting sling of freezing
Missiles
 g - 99 poisoned needles
 w - 7 needles of paralysis
 z - 13 poisoned tomahawks (quivered)
 G - 10 exploding sling bullets
 N - 22 sling bullets
 U - 5 javelins
 V - 6 tomahawks
Armour
 H - a +0 large shield (worn)
 Q - a +1 plate armour of magic resistance (worn)
Jewellery
 f - an amulet of resist mutation (around neck)
 P - a cursed +2 ring of strength (right hand)
 T - a +3 ring of evasion (left hand)
Magical devices
 u - a wand of fire (10)
 O - a wand of fire (9)
Scrolls
 i - 7 scrolls of remove curse
 j - a scroll of holy word {unknown}
 m - 8 scrolls of identify
 o - 3 scrolls of fear {unknown}
 r - 4 scrolls of fog {unknown}
 s - 2 scrolls of recharging {unknown}
 t - 3 scrolls of enchant weapon {unknown}
 y - 3 scrolls of random uselessness {unknown}
 A - 2 scrolls of teleportation {unknown}
 B - 3 scrolls of amnesia {unknown}
 C - a scroll of enchant armour {unknown}
 E - a scroll of silence {unknown}
 M - a scroll of blinking {unknown}
Potions
 c - 6 potions of curing
 e - 7 potions of might
 k - 3 potions of haste
 l - 3 potions of cancellation
 v - a potion of invisibility {unknown}
 x - 4 potions of heal wounds
 D - 2 potions of cure mutation {unknown}
 I - 5 potions of brilliance
 J - a potion of beneficial mutation {unknown}
 K - a potion of resistance {unknown}
 L - 2 potions of agility {unknown}
 S - a potion of berserk rage
Comestibles
 d - 7 bread rations
 h - 5 slices of pizza
 n - 7 chunks of flesh
 p - a royal jelly
 q - 3 meat rations
 F - 3 beef jerkies
 R - 4 fruits


   Skills:
 - Level 8.0 Fighting
 - Level 9.6 Maces & Flails
 + Level 10.4 Armour
 * Level 4.8 Dodging
 - Level 11.0 Shields
 * Level 6.3 Invocations


You had 10 spell levels left.
You didn't know any spells.

Dungeon Overview and Level Annotations

Branches:
Dungeon (11/15)            Temple (0/1) D:6            Lair (0/8) D:10
    Orc: D:9-12

Altars:
Cheibriados
Fedhas
Kikubaaqudgha
Nemelex Xobeh
Okawaru
Vehumet
Xom
Yredelemnul

Shops:
D:4 *   D:7 *   D:8 (!*:   D:9 !}??   D:11 [

Annotations:
D:8 exclusion: 2 oklob saplings


Innate Abilities, Weirdness & Mutations

You reflexively headbutt those who attack you in melee.
You have a pair of horns on your head.


Message History

* * * LOW HITPOINT WARNING * * *
It is a wand of lightning.
The centaur wields a shortbow.
The centaur shoots an arrow.
The arrow hits you!
* * * LOW HITPOINT WARNING * * *
The centaur wields a shortbow.
The centaur shoots an arrow of dispersal.
You block the arrow of dispersal.
You see here an arrow.
A centaur comes into view.
The centaur wields a shortbow.
The centaur shoots an arrow of frost.
You block the arrow of frost.
There is a large open door here.
The centaur shoots an arrow of frost.
You block the arrow of frost.
The centaur shoots an arrow of frost.
You block the arrow of frost.
A centaur comes into view.
You see here an arrow of frost.
Read which item? (? for menu, Esc to quit)
Okay, then.
The centaur zaps a wand.
The bolt of lightning hits you!
You die...

..# #.. #..# #.. +..#
#.#### #..# #.#... #..#
#.#... #..# #.#...
#..###########.#...
#..............#...
####+##.@#####.......###'
........('...#'#####.....
.........'(........#....∩
#####...#.........#.....
#...#.........#.....
#...#......####.....
#...#.c....#........
#...#......#........
...c#c######........


You could see 2 centaurs.

Vanquished Creatures
  Pikel (D:7)
  An ugly thing (D:11)
  The ghost of murphyslaw the Gusty, an experienced HEAE (D:5)
  Joseph (D:11)
  A gargoyle (D:10)
  A troll (D:10)
  A komodo dragon (D:10)
  3 wandering mushrooms (D:8)
  A two-headed ogre (D:10)
  Prince Ribbit (D:7)
  The ghost of Arctor the Magician, an average DEWz (D:4)
  A hungry ghost (D:7)
  A wraith (D:8)
  2 deep elf magi
  Edmund (D:5)
  Menkaure (D:6)
  A slave (D:7)
  5 orc warriors
  A black bear (D:10)
  A phantom (D:7)
  6 ogres
  A sky beast (D:10)
  2 ice beasts
  4 centaurs
  Sigmund (D:3)
  Duvessa (D:7)
  3 giant frogs (D:10)
  A wyvern skeleton (D:10)
  2 scorpions
  5 wights (D:8)
  A quasit (D:6)
  4 crimson imps
  3 goliath beetles
  Dowan (D:7)
  3 iguanas
  A giant frog zombie (D:5)
  4 jellies
  6 orc priests
  7 hounds
  A giant frog skeleton (D:5)
  6 worker ants
  12 orc wizards
  A centaur skeleton (D:9)
  A killer bee zombie (D:7)
  Ijyb (D:3)
  A hound zombie (D:10)
  A mummy (D:9)
  7 gnolls (D:3)
  11 adders
  2 giant mites
  An adder zombie (D:5)
  2 adder skeletons (D:6)
  8 giant geckos
  43 orcs
  9 goblins
  17 hobgoblins
  17 jackals
  13 kobolds
  7 quokkas
  4 ball pythons (D:1)
  14 bats
  8 giant cockroaches
  A giant gecko skeleton (D:7)
  4 giant newts
  13 rats
  8 ballistomycetes (D:6)
  A butterfly (D:6)
297 creatures vanquished.

Vanquished Creatures (others)
  A slave (D:7)
  A giant spore (D:6)
  2 plants (D:10)
4 creatures vanquished.

Grand Total: 301 creatures vanquished

Notes
Turn   | Place    | Note
--------------------------------------------------------------
     0 | D:1      | jacksonaction, the Minotaur Fighter, began the quest for the Orb.
     0 | D:1      | Reached XP level 1. HP: 19/19 MP: 1/1
    95 | D:1      | Reached skill level 4 in Fighting
    98 | D:1      | Reached XP level 2. HP: 24/27 MP: 1/1
   294 | D:1      | Reached XP level 3. HP: 32/34 MP: 2/2
   683 | D:2      | Reached skill level 5 in Fighting
   851 | D:2      | Found a radiant altar of Vehumet.
  1397 | D:3      | Reached XP level 4. HP: 42/42 MP: 2/2
  1421 | D:3      | Noticed Sigmund
  1668 | D:3      | Reached XP level 5. HP: 46/50 MP: 2/2
  1716 | D:3      | Killed Sigmund
  1716 | D:3      | Reached skill level 6 in Fighting
  1716 | D:3      | Reached skill level 5 in Maces & Flails
  1784 | D:3      | Found a blossoming altar of Fedhas.
  1799 | D:3      | Noticed Ijyb
  1828 | D:3      | Killed Ijyb
  1920 | D:3      | Reached XP level 6. HP: 47/58 MP: 3/3
  2212 | D:4      | Noticed Arctor's ghost (average DEWz)
  2228 | D:4      | Killed Arctor's ghost
  2228 | D:4      | Reached skill level 7 in Fighting
  2385 | D:4      | Reached XP level 7. HP: 60/66 MP: 3/3
  2701 | D:4      | Reached skill level 8 in Fighting
  2876 | D:4      | Found Pryczeq's General Store.
  2881 | D:4      | Bought a scroll of remove curse for 36 gold pieces
  2881 | D:4      | Bought a scroll of identify for 24 gold pieces
  2881 | D:4      | Bought a scroll of remove curse for 36 gold pieces
  3027 | D:5      | Entered Level 5 of the Dungeon
  3144 | D:5      | Found an iron altar of Okawaru.
  3153 | D:5      | Became a worshipper of Warmaster Okawaru
  3453 | D:5      | Noticed murphyslaw's ghost (experienced HEAE)
  3468 | D:5      | Killed murphyslaw's ghost
  3468 | D:5      | Acquired Okawaru's first power
  3468 | D:5      | Reached XP level 8. HP: 48/74 MP: 3/3
  3504 | D:5      | Reached skill level 9 in Maces & Flails
  3506 | D:5      | Reached skill level 5 in Shields
  3559 | D:5      | Noticed Edmund
  3568 | D:5      | Killed Edmund
  3895 | D:6      | Reached skill level 5 in Armour
  3899 | D:6      | Reached skill level 1 in Invocations
  4087 | D:6      | Noticed Menkaure
  4097 | D:6      | Killed Menkaure
  4177 | D:6      | Reached XP level 9. HP: 35/81 MP: 4/7
  4561 | D:6      | Found a staircase to the Ecumenical Temple.
  4787 | D:7      | Noticed Prince Ribbit
  4842 | D:7      | Found a shimmering altar of Xom.
  4844 | D:7      | Noticed Dowan
  4846 | D:7      | Killed Prince Ribbit
  4858 | D:7      | Killed Dowan
  4885 | D:7      | Noticed Duvessa
  4897 | D:7      | Killed Duvessa
  4931 | D:7      | Found a basalt altar of Yredelemnul.
  5050 | D:7      | Noticed Pikel
  5072 | D:7      | Paralysed by Pikel for 3 turns
  5080 | D:7      | Paralysed by Pikel for 6 turns
  5087 | D:7      | Killed Pikel
  5156 | D:7      | Found a snail-covered altar of Cheibriados.
  5156 | D:7      | Found an ancient bone altar of Kikubaaqudgha.
  5224 | D:7      | Found Yrea's Assorted Antiques.
  5239 | D:7      | Bought a viscous coppery potion for 25 gold pieces
  5239 | D:7      | Bought a bubbling amethyst potion for 25 gold pieces
  5239 | D:7      | Bought a scroll labeled VODIFA VAIR for 28 gold pieces
  5239 | D:7      | Bought a scroll labeled PNIYSO WYEL for 28 gold pieces
  5508 | D:8      | Found Kirchiug's General Store.
  5512 | D:8      | Bought a scroll of noise for 11 gold pieces
  5512 | D:8      | Bought a scroll of immolation for 38 gold pieces
  5716 | D:8      | Found Ipizecur's Distillery.
  5719 | D:8      | Bought a potion of poison for 12 gold pieces
  5719 | D:8      | Bought a potion of ambrosia for 96 gold pieces
  5719 | D:8      | Bought a potion of berserk rage for 60 gold pieces
  5719 | D:8      | Bought a potion of curing for 36 gold pieces
  5756 | D:8      | Found Yghauv's Weapon Shop.
  5764 | D:8      | Reached XP level 10. HP: 88/88 MP: 12/12
  5767 | D:8      | Reached skill level 10 in Shields
  5872 | D:8      | Found Plir's Book Emporium.
  6168 | D:8      | Found a blossoming altar of Fedhas.
  6180 | D:8      | Reached skill level 5 in Invocations
  6514 | D:9      | Found Fonefo Qeej's Distillery.
  6517 | D:9      | Bought a potion of degeneration for 15 gold pieces
  6517 | D:9      | Bought a potion of mutation for 37 gold pieces
  6641 | D:9      | Found Xeteatem's Magic Scroll Boutique.
  6676 | D:9      | Found Psetad's Magic Scroll Shop.
  6914 | D:9      | Found Acajud's Gadget Boutique.
  6993 | D:9      | Found a sparkling altar of Nemelex Xobeh.
  7025 | D:9      | Reached skill level 11 in Shields
  7428 | D:9      | Reached skill level 1 in Dodging
  7530 | D:10     | Entered Level 10 of the Dungeon
  7836 | D:10     | Found a staircase to the Lair.
  8144 | D:10     | Acquired Okawaru's second power
  8431 | D:11     | Noticed a cyan ugly thing
  8457 | D:11     | Killed a cyan ugly thing
  8457 | D:11     | Reached skill level 10 in Armour
  8457 | D:11     | Reached XP level 11. HP: 54/94 MP: 14/16
  8463 | D:11     | Received a gift from Okawaru
  8539 | D:11     | Noticed Joseph
  8554 | D:11     | Killed Joseph
  8635 | D:11     | Found Bouzozya's Antique Armour Boutique.
  8725 | D:11     | Killed from afar by a centaur

Action                   |  1- 3 |  4- 6 |  7- 9 | 10-12 || total
-------------------------+-------+-------+-------+-------++-------
Melee: Flail             |    95 |    97 |   430 |   291 ||   913
 Fire: Hunting sling     |       |       |     3 |       ||     3
Throw: Stone             |       |     1 |     1 |       ||     2
       Tomahawk          |       |       |       |     5 ||     5
       Javelin           |       |       |       |     4 ||     4
Invok: Heroism           |       |       |     3 |     3 ||     6
       Finesse           |       |       |       |     1 ||     1
  Use: Scroll            |       |       |     2 |     2 ||     4
       Potion            |       |       |       |     1 ||     1
  Eat: Chunk             |     2 |     3 |    12 |    10 ||    27
